Map: Redshift LE

Players

Test - Winner!

  • Race: Terran Terran
  • League: Gold
  • Spawn Location: 11:00

ZheulWortz

  • Race: Terran Terran
  • League: Gold
  • Spawn Location: 7:00

VOD

Have the link to the VOD?

Description

Time

  • Played on: May 16, 2018, 4:32 p.m.
  • Length: 12:28
Show
View Real Time Build Order
Export as new Build Order

Test Terran - Winner!

Build Orders: MMM Bio 

Get SALT Encoding   

  12  0:00  SCV  
  13  0:12  SCV  
  14  0:18  Supply Depot  
  14  0:24  SCV  
  15  0:29  Refinery  
  15  0:39  SCV  
  16  0:52  SCV  
  17  0:59  Barracks  
  17  1:05  Barracks  
  17  1:09  SCV  
  18  1:25  SCV  
  19  1:31  Barracks  
  19  1:37  SCV  
  20  1:46  Marine  
  21  1:50  Orbital Command  
  22  1:55  Barracks Tech Lab  
  21  2:07  Marine  
  22  2:14  Marine  
  23  2:28  Barracks Reactor  
  23  2:30  Stimpack  
  23  2:34  Barracks  
  23  2:40  Supply Depot  
  23  2:56  Barracks  
  23  3:01  Marine  
  23  3:04  Barracks Reactor  
  24  3:07  Marine x2  
  26  3:14  Supply Depot  
  26  3:19  Marine  
  27  3:23  Barracks Reactor  
  27  3:25  Marine x2  
  29  3:36  Marine  
  30  3:43  Marine x2  
  30  3:44  Marine x2  
  35  3:54  Marine, Barracks Reactor  
  35  4:07  Command Center  
  35  4:15  Marine x4  
  39  4:22  Engineering Bay  
  39  4:42  Supply Depot  
  39  4:51  Supply Depot  
  39  5:04  Marine x8  
  47  5:12  Marine, Missile Turret  
  47  5:13  Terran Infantry Weapons Level 1  
  48  5:19  Combat Shields  
  48  5:29  Orbital Command  
  48  5:34  Marine  
  49  5:35  Marine  
  49  5:41  Marine x2  
  52  5:45  Marine  
  53  5:54  Marine x3  
  31  5:58  Marine x2  
  31  5:59  Marine  
  31  6:01  Marine  
  31  6:02  Orbital Command  
  35  6:04  Marine  
  35  6:07  Marine  
  37  6:11  Marine  
  37  6:12  Marine  
  37  6:22  Marine x2  
  37  6:23  Marine  
  29  6:29  Marine x2  
  31  6:35  Marine x2  
  28  6:41  Marine  
  28  6:45  Marine  
  29  6:51  Marine  
  27  6:55  Marine  
  28  7:07  Marine, Terran Infantry Armor Level 1  
  29  7:08  Marine  
  29  7:11  Orbital Command  
  27  7:21  Marine  
  27  7:22  Marine x5  
  31  7:24  Marine  
  31  7:28  Marine x2  
  35  7:39  Marine x2  
  35  7:40  Marine x2  
  39  7:46  Marine  
  39  7:47  Marine x4  
  44  7:54  SCV  
  44  7:56  SCV  
  44  7:57  Marine x2  
  44  7:58  Marine  
  48  8:00  Marine  
  48  8:04  Marine x2  
  52  8:07  Marine  
  52  8:08  Marine  
  52  8:11  Marine  
  50  8:27  Marine x6  
  50  8:30  Marine x2  
  57  8:34  Marine  
  58  8:44  Marine  
  58  8:45  Marine x3  
  62  8:49  Supply Depot  
  62  8:50  Marine  
  62  8:52  Marine  
  62  8:55  Marine  
  65  8:56  Marine  
  65  8:58  Marine  
  66  9:05  Marine x3  
  66  9:07  Marine  
  66  9:08  Marine  
  50  9:12  Marine x2  
  50  9:17  Marine  
  50  9:18  Marine  
  50  9:23  Marine  
  53  9:24  Marine x2  
  53  9:29  SCV  
  53  9:30  SCV  
  53  9:31  Marine  
  58  9:35  Marine  
  58  9:36  Marine  
  60  9:44  Factory  
  60  9:46  Marine  
  60  9:47  Marine  
  60  9:49  Marine  
  60  9:51  Marine x2  
  65  9:53  Marine  
  65  9:55  Marine  
  65  9:56  Marine  
  65  9:59  Marine  
  69  10:04  Marine  
  69  10:07  Supply Depot  
  63  10:18  Marine  
  63  10:19  Marine x2  
  61  10:29  Marine x2  
  61  10:33  SCV  
  63  10:42  Missile Turret  
  63  10:45  SCV  
  63  10:48  Marine x2  
  66  10:52  SCV  
  67  10:57  SCV  
  68  11:04  SCV  
  68  11:09  SCV, Barracks  
  68  11:10  Marine x2  
  68  11:11  Marine  
  73  11:12  Marine  
  74  11:19  Marine x2  
  74  11:23  Missile Turret  
  76  11:26  SCV  
  77  11:33  Missile Turret  
  77  11:36  Marine x3  
  77  11:38  SCV  
  81  11:41  SCV  
  82  11:48  Marine x2  
  82  11:49  Marine  
  82  11:53  Marine  
  82  11:54  Marine  
  85  11:57  Marine x3  
  84  12:06  Marine x3  
Show
View Real Time Build Order
Export as new Build Order

ZheulWortz Terran 

Build Orders: Reaper Expand 

Get SALT Encoding   

  12  0:01  SCV  
  13  0:13  SCV  
  14  0:16  Refinery  
  14  0:25  SCV  
  15  0:39  Supply Depot  
  15  1:01  SCV  
  15  1:03  Barracks  
  16  1:21  Command Center  
  16  1:23  SCV  
  18  1:50  Orbital Command  
  18  1:51  Reaper  
  18  1:57  Barracks  
  18  2:12  Refinery  
  18  2:21  Barracks  
  17  2:30  Barracks  
  17  2:39  Barracks Tech Lab  
  17  2:52  SCV  
  17  2:53  Barracks Reactor  
  18  3:04  SCV  
  19  3:09  Marine, Factory  
  19  3:10  Marine  
  21  3:16  SCV  
  22  3:21  Marine  
  23  3:27  Marine  
  23  3:28  Marine, SCV  
  23  3:30  Marine x2  
  28  3:45  Marine x3  
  28  3:47  Marine  
  28  3:48  Marine  
  33  3:54  Factory Tech Lab  
  32  4:03  Marine x3  
  32  4:05  Marine x2  
  32  4:08  Supply Depot  
  37  4:21  Marine  
  38  4:26  Supply Depot  
  38  4:29  Marine x2, Siege Tank, Combat Shields  
  38  4:31  Marine x2  
  45  4:38  Marine  
  46  4:47  Marine x2, SCV  
  46  4:49  Refinery  
  46  4:50  Orbital Command  
  46  4:52  Marine  
  49  4:53  Marine  
  49  4:59  SCV  
  53  5:08  Barracks Reactor  
  52  5:16  SCV  
  52  5:17  SCV  
  54  5:31  Marine  
  54  5:32  Marine  
  57  5:36  Marine  
  57  5:39  Barracks Reactor  
  57  5:44  SCV x2  
  57  5:46  Starport  
  59  5:56  SCV x2  
  51  6:00  Marine x4  
  55  6:12  Barracks  
  55  6:14  Barracks  
  53  6:22  Marine  
  53  6:23  Marine x2  
  44  6:49  Marine  
  44  6:53  Marine x6  
  45  7:02  Refinery x2, Starport Reactor  
  45  7:05  Siege Tank  
  45  7:07  Marine  
  49  7:11  Marine x6  
  48  7:24  Marine  
  48  7:25  Barracks Reactor x2  
  48  7:28  SCV x2, Marine  
  48  7:29  Marine x5  
  57  7:37  Siege Tank  
  57  7:42  Medivac  
  62  7:46  Stimpack  
  62  7:52  Marine x6, Medivac  
  62  7:56  Supply Depot  
  62  7:57  Supply Depot x2  
  70  8:17  SCV, Marine x7  
  70  8:18  SCV  
  55  8:29  SCV  
  54  8:35  Marine x7  
  60  8:41  Marine  
  60  8:42  Marine x3  
  64  8:53  Marine x7  
  71  8:59  Marine  
  71  9:00  Marine x3  
  65  9:11  Marine x7  
  71  9:17  Marine  
  71  9:18  Marine x3  
  71  9:21  Siege Tank, Engineering Bay  
  71  9:23  Engineering Bay  
  78  9:28  Marine  
  78  9:29  Marine  
  80  9:34  Marine  
  80  9:35  Marine x8  
  89  9:46  Marine x2  
  89  9:52  Marine  
  92  9:53  Marine x2  
  82  10:21  Marine  
  82  10:22  Marine x10  
  90  10:34  Terran Infantry Armor Level 1  
  85  10:38  Siege Tank  
  85  10:39  Marine  
  85  10:40  Marine x5  
  94  11:00  Orbital Command  
  94  11:04  Command Center  
  94  11:18  Supply Depot  
  94  11:22  Supply Depot  
  94  11:39  Marine x8  
  102  11:43  Marine  
  103  11:58  Marine x3  
  106  12:04  Marine  
  106  12:05  Marine x6  
  110  12:09  Marine  
Tags
 
Composition
MMM Bio
League
GoldGold
Matchup
TvT
Race
Terran
Spawn Locations
Close Positions
Add a new tag
Caveats
  • Supply blocks, unpowered buildings, or Contaminate may cause inaccurate times.
  • Supply counts are checked every 10 seconds.